 Dungeon Crawl Stone Soup version 0.21-a0-426-g98080a9 (webtiles) character file.

2260 mastercheaf21 the Basher (level 9, -6/81 HPs)
             Began as a Minotaur Berserker on Nov 6, 2017.
             Was a Priest of Trog.
             Killed from afar by a crimson imp (13 damage)
             ... with a wand of acid (?/15)
             ... on level 6 of the Dungeon.
             The game lasted 00:43:43 (6440 turns).

mastercheaf21 the Basher (Minotaur Berserker)       Turns: 6440, Time: 00:43:44

Health: -6/81      AC: 11    Str: 25    XL:     9   Next: 15%
Magic:  8/8        EV: 11    Int:  6    God:    Trog [***...]
Gold:   221        SH:  0    Dex: 10    Spells: 8/8 levels left

rFire    . . .     SeeInvis .   J - +2 whip (elec)
rCold    . . .     Gourm    .   (no shield)
rNeg     . . .     Faith    .   F - +1 scale mail
rPois    .         Spirit   .   V - +1 hat
rElec    .         Reflect  .   (no cloak)
rCorr    .         Harm     .   (no gloves)
MR       .....                  j - +0 pair of boots
Stlth    ..........             (no amulet)
HPRegen  0.23/turn              k - +1 ring of protection
MPRegen  0.11/turn              z - +5 ring of protection

@: corroded
A: retaliatory headbutt, horns 2, blink, clever 1, deterioration 1
a: Blink, Berserk, Trog's Hand, Burn Spellbooks, Renounce Religion


You were on level 6 of the Dungeon.
You worshipped Trog.
Trog was most pleased with you.
You were not hungry.

You visited 1 branch of the dungeon, and saw 6 of its levels.

You collected 221 gold pieces.

Inventory:

Hand Weapons
 m - a +0 hunting sling
 x - a +0 flail
 y - a +0 spear
 D - a +2 dagger of venom
 G - a +0 blowgun
 I - a +0 falchion
 J - a +2 whip of electrocution (weapon)
 N - a +0 whip of flaming
 S - a +0 long sword
Missiles
 f - 120 stones (quivered)
 C - 8 tomahawks
 H - 10 poisoned needles
 O - 26 sling bullets
Armour
 j - a +0 pair of boots (worn)
 F - a +1 scale mail (worn)
 M - the +0 leather armour of the Nine Suns {rPois}
   (You found it on level 4 of the Dungeon)

   It protects you from poison.
 V - a +1 hat (worn)
Jewellery
 k - a +1 ring of protection (left hand)
 l - an uncursed ring of flight
 q - a cursed -2 ring of dexterity {unknown}
 u - an uncursed ring of protection from magic {unknown}
 z - a +5 ring of protection (right hand)
 A - an uncursed ring of wizardry
Wands
 c - a wand of digging (6/24)
 s - a wand of iceblast (15/15)
 t - a wand of lightning (9/15)
 P - a wand of polymorph (1/24)
 X - a wand of random effects (36/48)
Scrolls
 i - 2 scrolls of remove curse
 n - a scroll of random uselessness
 o - 5 scrolls of identify
 p - a scroll of enchant weapon
 v - 2 scrolls of amnesia
 B - a scroll of recharging
 E - a scroll of fear {unknown}
 U - a scroll of teleportation
Potions
 a - a potion of ambrosia
 b - a potion of mutation
 e - a potion of curing
 h - a potion of cancellation
 r - a potion of resistance {unknown}
Comestibles
 d - 3 meat rations
 g - 3 royal jellies
 w - 5 bread rations
 K - 2 fruits


   Skills:
 + Level 7.8 Fighting
 * Level 12.8 Maces & Flails
 - Level 2.6 Armour
 - Level 2.2 Dodging
 + Level 0.6 Evocations


You had 8 spell levels left.
You didn't know any spells.

Dungeon Overview and Level Annotations

Branches:
Dungeon (6/15)
 Temple: D:4-7

Altars:
Nemelex Xobeh
Wu Jian
Zin
The Shining One

Shops:
D:4 *   D:5 =


Innate Abilities, Weirdness & Mutations

You reflexively headbutt those who attack you in melee.
You have a pair of horns on your head.
You can translocate small distances at will.
Your mind is acute. (Int +2)
Your body sometimes deteriorates upon taking damage.


Message History

You barely miss the crimson imp.
You headbutt the crimson imp, but do no damage.
You closely miss the crimson imp.
The crimson imp hits you with a quarterstaff.
* * * LOW HITPOINT WARNING * * *
You closely miss the crimson imp.
You feel sick.
You feel better.
The crimson imp hits you but does no damage.
You hit the crimson imp.
The crimson imp is lightly wounded.
The crimson imp zaps a wand.
The bolt of acid hits you!
* * * LOW HITPOINT WARNING * * *
You are splashed with acid!
The acid burns!
* * * LOW HITPOINT WARNING * * *
Your scale mail prevents you from hitting the crimson imp.
The crimson imp is lightly wounded.
You completely miss the crimson imp.
The crimson imp is lightly wounded.
The crimson imp zaps a wand.
The bolt of acid hits you!
You die...

.#.#.. ###....#
......##. #........
#.# .. #.# .## #)#
...#.
############.#......
#.........5@........
#.####.##.##.#......
#.# #.##.##........
#.# #.##.##........
#.# #.##.####.###..
#># ...... .# . #.#
#.##.# .# #.# #.##>#
. #.# #..


You could see a crimson imp.

Vanquished Creatures
  Pikel (D:4)
  The ghost of zorance the Ruffian, a novice DrTm (D:6)
  Eustachio (D:4)
  Duvessa (D:5)
  A water moccasin (D:6)
  A slave (D:4)
  2 ogres (D:5)
  An ice beast (D:5)
  A centaur (D:5)
  A bullfrog (D:6)
  Dowan (D:5)
  2 scorpions (D:5)
  A quasit (D:6)
  An orc priest (D:4)
  A bullfrog zombie (D:5)
  2 hounds
  A bullfrog skeleton (D:5)
  Natasha (thrice) (D:2)
  An orc wizard (D:3)
  2 worker ants (D:4)
  3 gnolls (D:2)
  7 adders
  2 oozes
  2 worms
  2 dart slugs
  A leopard gecko (D:1)
  8 orcs
  A ball python (D:3)
  2 giant cockroaches
  7 goblins
  6 hobgoblins
  6 jackals
  13 kobolds
  3 quokkas
  11 bats
  10 frilled lizards
  11 rats
121 creatures vanquished.

Vanquished Creatures (others)
  A howler monkey (D:4)
  A frilled lizard (D:4)
2 creatures vanquished.

Grand Total: 123 creatures vanquished

Notes
Turn   | Place    | Note
-------+----------+-------------------------------------------
     0 | D:1      | mastercheaf21 the Minotaur Berserker began the quest for the Orb.
     0 | D:1      | Reached XP level 1. HP: 19/19 MP: 0/0
   247 | D:1      | Reached skill level 4 in Maces & Flails
   247 | D:1      | Reached XP level 2. HP: 21/27 MP: 1/1
  1106 | D:1      | Reached XP level 3. HP: 32/33 MP: 2/2
  1132 | D:1      | Reached ** piety under Trog
  1455 | D:2      | Noticed Natasha
  1460 | D:2      | Killed Natasha
  1460 | D:2      | Reached skill level 5 in Maces & Flails
  1515 | D:2      | Reached XP level 4. HP: 27/41 MP: 3/3
  1627 | D:2      | Noticed Natasha
  1632 | D:2      | Killed Natasha
  1966 | D:2      | Noticed Natasha
  1973 | D:2      | Killed Natasha
  1973 | D:2      | Reached skill level 6 in Maces & Flails
  1973 | D:2      | Reached XP level 5. HP: 15/47 MP: 4/4
  2469 | D:2      | Reached skill level 5 in Fighting
  3345 | D:3      | Found an ornate altar of the Wu Jian Council.
  3444 | D:3      | Reached *** piety under Trog
  3547 | D:3      | Reached skill level 7 in Maces & Flails
  3706 | D:3      | Found a sparkling altar of Nemelex Xobeh.
  3807 | D:3      | Reached XP level 6. HP: 56/56 MP: 5/5
  4012 | D:4      | Found Zin's Purification Station.
  4014 | D:4      | Found a glowing silver altar of Zin.
  4109 | D:4      | Got a smoking leather armour
  4128 | D:4      | Identified the +0 leather armour of the Nine Suns {rPois} (You found it on level 4 of the Dungeon)
  4291 | D:4      | Noticed a slave
  4295 | D:4      | Noticed a slave
  4296 | D:4      | Noticed a slave
  4298 | D:4      | Noticed a slave
  4301 | D:4      | Noticed Pikel
  4316 | D:4      | Killed a slave
  4325 | D:4      | Killed Pikel
  4325 | D:4      | Reached skill level 9 in Maces & Flails
  4325 | D:4      | Reached XP level 7. HP: 20/63 MP: 6/6
  4758 | D:4      | Noticed Eustachio
  4788 | D:4      | Killed Eustachio
  4918 | D:5      | Entered Level 5 of the Dungeon
  4930 | D:5      | Found a glowing golden altar of the Shining One.
  4941 | D:5      | Reached skill level 10 in Maces & Flails
  5053 | D:5      | Reached XP level 8. HP: 57/71 MP: 7/7
  5368 | D:5      | Found Babethus's Jewellery Emporium.
  5440 | D:5      | Reached skill level 11 in Maces & Flails
  5733 | D:5      | Noticed Duvessa
  5780 | D:5      | Killed Duvessa
  5804 | D:5      | Noticed Dowan
  5816 | D:5      | Killed Dowan
  5968 | D:5      | Gained mutation: Your body sometimes deteriorates upon taking damage. [potion of mutation]
  5968 | D:5      | Gained mutation: Your mind is acute. (Int +2) [potion of mutation]
  5968 | D:5      | Gained mutation: You can translocate small distances at will. [potion of mutation]
  6307 | D:6      | Reached skill level 12 in Maces & Flails
  6401 | D:6      | Noticed zorance's ghost (novice DrTm)
  6423 | D:6      | Killed zorance's ghost
  6423 | D:6      | Reached XP level 9. HP: 47/81 MP: 8/8
  6440 | D:6      | Killed from afar by a crimson imp

Vault maps used:
D:1:      dpeg_arrival_subterranean_lakeside_camping, kennysheep_pointless_box
D:2:      uniq_natasha
D:3:      lemuel_crystal_altar, lemuel_coloured_pillars_altar
D:4:      zin_purify, first_bread, uniq_eustachio, uniq_pikel
D:5:      old_standard_altar, serial_shops, nicolae_shop_trees,
          kennysheep_generic_room_6, uniq_duvessa
D:6:      minmay_temple_entry_glassed_door, serial_shops, shop, uniq_edmund

Skill      XL: |  1  2  3  4  5  6  7  8 |
---------------+-------------------------+-----
Maces & Flails | 4 5 6 7 9 10 12 | 12.8
Fighting       | 4 5 6 7 |  7.8
Armour         | |  2.6
Dodging        | |  2.2
Evocations     | |  0.6

Action                   |  1- 3 |  4- 6 |  7- 9 || total
-------------------------+-------+-------+-------++-------
Melee: Mace              |    58 |    46 |       ||   104
       Headbutt          |    10 |    25 |    29 ||    64
       Flail             |       |    36 |       ||    36
       Whip              |       |    49 |   122 ||   171
Invok: Berserk           |       |     1 |       ||     1
 Abil: Evoke Flight      |     1 |       |       ||     1
  Use: Scroll            |       |     4 |     6 ||    10
       Potion            |       |     1 |     7 ||     8
  Eat: Chunk             |     2 |     5 |     6 ||    13
       Bread ration      |     1 |       |       ||     1
       Fruit             |       |       |     1 ||     1
Armor: Animal skin       |    21 |       |       ||    21
       Leather armour    |     6 |    12 |    20 ||    38
       Ring mail         |       |    40 |       ||    40
       Scale mail        |       |       |    10 ||    10
Dodge: Dodged            |    59 |    80 |    53 ||   192

Table legend:
 A = Spawn XP
 B = Non-spawn XP
 C = Spawn XP percentage of total XP
 D = Spawn monster count
 E = Non-spawn monster count
 F = Spawn count percentage of total count
 G = Total turns spent on level
                    A         B        C        D         E        F      G
               +---------+---------+-------+---------+---------+-------+---------
         Total |       0 |    3229 |   0.0 |       0 |     120 |   0.0 |  6440
               +---------+---------+-------+---------+---------+-------+---------
           D:1 |       0 |      75 |   0.0 |       0 |      33 |   0.0 |  1728
           D:2 |       0 |     232 |   0.0 |       0 |      32 |   0.0 |  1152
           D:3 |       0 |      75 |   0.0 |       0 |      20 |   0.0 |  1033
           D:4 |       0 |     954 |   0.0 |       0 |       9 |   0.0 |  1005
           D:5 |       0 |    1004 |   0.0 |       0 |      18 |   0.0 |  1353
           D:6 |       0 |     889 |   0.0 |       0 |       8 |   0.0 |   169
               +---------+---------+-------+---------+---------+-------+---------
